 Dungeon Crawl Stone Soup version 0.30-a0-618-gd6c86c23d0 (webtiles) character file.

Game seed: 1319314740321133829

52 Dirtsage the Slasher (level 3, -2/29 HPs)
             Began as a Demonspawn Fighter on Jan 9, 2023.
             Slain by Terence
             ... wielding a +0 trident
              (4 damage)
             ... on level 2 of the Dungeon.
             The game lasted 00:01:57 (1092 turns).

Dirtsage the Slasher (Demonspawn Fighter)           Turns: 1092, Time: 00:01:57

Health: -2/29      AC:  7    Str: 16    XL:     3   Next: 60%
Magic:  3/3        EV:  8    Int:  9    God:
Gold:   62         SH:  4    Dex: 14    Spells: 2/2 levels left

rFire   . . .      SeeInvis .    a - +0 long sword
rCold   . . .      Faith    .    c - +0 buckler
rNeg    . . .      Spirit   .    b - +0 scale mail
rPois   .          Reflect  .    (no helmet)
rElec   .          Harm     .    (no cloak)
rCorr   .          Rampage  .    h - +0 pair of gloves
Will    .....                    (no boots) Stlth
                                 (no amulet)
HPRegen 0.24/turn                (no ring)
MPRegen 0.08/turn                (no ring)

@: mighty
A: powered by pain 2
a: no special abilities


You were on level 2 of the Dungeon.
You visited 1 branch of the dungeon, and saw 2 of its levels.

You collected 62 gold pieces.

Inventory:

Hand Weapons
 a - a +0 long sword (weapon)
Armour
 b - a +0 scale mail (worn)
 c - a +0 buckler (worn)
 h - a +0 pair of gloves (worn)
Scrolls
 e - a scroll of noise {unknown}
 g - 2 scrolls of identify {unknown}
 j - a scroll of amnesia {unknown}
 k - a scroll of enchant weapon {unknown}
 m - a scroll of poison {unknown}
Potions
 f - a potion of cancellation {unknown}
 i - a potion of brilliance {unknown}
 q - a potion of curing


   Skills:
 - Level 3.0 Fighting
 * Level 3.6 Long Blades
 - Level 2.6 Armour
 - Level 2.6 Shields


You had 2 spell levels left.
You didn't know any spells.
Your spell library contained the following spells:

 Spells                   Type           Power      Damage    Failure   Level
 Apportation              Tloc           0%         N/A       89%         1
 Necrotise                Necr           0%         1d4       89%         1
 Summon Small Mammal      Summ           0%         N/A       89%         1
 Blink                    Tloc           0%         N/A       96%         2
 Manifold Assault         Tloc           0%         N/A       100%        4
 Storm Form               Tmut/Air       0%         N/A       100%        7


Dungeon Overview and Level Annotations

Branches:
Dungeon (2/15)

Altars:

Shops:
D:1 *

Annotations:
D:2 Terence


Innate Abilities, Weirdness & Mutations

You sometimes gain power by taking damage.


Message History

You block Terence's attack. The goblin hits you but does no damage.
You hit the goblin.
You kill the goblin!
You block the jackal's attack.
Terence hits you from afar with a +0 trident.
The jackal bites you but does no damage.
You take 3 damage, and have 15/29 hp.
You block the jackal's attack. Terence hits you with a +0 trident.
You see here a +0 dagger.
You take 2 damage, and have 13/29 hp.
You barely miss Terence. The jackal bites you.
Terence hits you with a +0 trident.
* * * LOW HITPOINT WARNING * * *
The jackal bites you but does no damage.
You take 6 damage, and have 7/29 hp.
MASSIVE DAMAGE!!
You slash Terence!
Terence is almost dead.
You block the jackal's attack. Terence hits you with a +0 trident.
* * * LOW HITPOINT WARNING * * *
You block the jackal's attack. Terence closely misses you.
You take 1 damage, and have 6/29 hp.
You closely miss Terence.
Terence is almost dead.
The jackal bites you but does no damage.
Terence hits you but does no damage. The jackal closely misses you.
You hit Terence but do no damage.
Terence is almost dead.
The jackal bites you.
* * * LOW HITPOINT WARNING * * *
Terence drinks a potion.
Terence is healed!
q - a potion of curing The jackal bites you.
* * * LOW HITPOINT WARNING * * *
You take 1 damage, and have 5/29 hp.
You completely miss Terence.
Terence is moderately wounded.
The jackal bites you.
* * * LOW HITPOINT WARNING * * *
Terence hits you with a +0 trident.
You die...

####...## ##.... ##.#.
#.#. ###### #... ....##
#### #.#####..### ##.
#......h...###########..
#......@##..............
#.....@.##############..
#....>..# #.. #.......#
#.. #.......# ##.
#.......# ## #=......# #
#########


You could see Terence and a jackal.

Vanquished Creatures
  An adder (D:2)
  A dart slug (D:1)
  3 ball pythons (D:1)
  2 bats (D:2)
  5 endoplasms (D:1)
  2 giant cockroaches (D:1)
  6 goblins
  4 hobgoblins (D:1)
  4 jackals
  2 quokkas (D:1)
  3 frilled lizards (D:1)
  2 kobolds (D:1)
35 creatures vanquished.

Notes
Turn   | Place    | Note
-------+----------+-------------------------------------------
     0 | D:1      | Dirtsage the Demonspawn Fighter began the quest for the
                  | Orb.
     0 | D:1      | Reached XP level 1. HP: 18/18 MP: 1/1
   103 | D:1      | Found Favoelei's Assorted Antiques.
   252 | D:1      | Gained mutation: You sometimes gain a little power by
                  | taking damage. [demonic ancestry]
   252 | D:1      | Reached XP level 2. HP: 24/24 MP: 2/2
   489 | D:1      | Gained mutation: You sometimes gain power by taking damage.
                  | [demonic ancestry]
   489 | D:1      | Reached XP level 3. HP: 29/29 MP: 3/3
  1079 | D:2      | Noticed Terence
  1092 | D:2      | Slain by Terence

Illustrated notes

Levels and vault maps discovered:
D:1:      spicycebolla_arrival_clurvy, layout_loops_ring, serial_shops,
          nicolae_shop_stone, minmay_misc_feat_plants,
          hangedman_decor_slide_cut, minivault_11, amcnicky_mini_pool_small
D:2:      layout_rooms, kennysheep_generic_room_11, uniq_natasha, uniq_robin,
          uniq_crazy_yiuf_cottage, uniq_terence

Skill      XL: |  1  2 |
---------------+-------+-----
Long Blades    | 2 3 |  3.6
Fighting       | |  3.0
Armour         | |  2.6
Shields        | |  2.6

Action                   || total
-------------------------++-------
Melee: Long sword        ||    90
  Use: Potion            ||     1
Armor: Scale mail        ||    48
Dodge: Dodged            ||    39
Block: Buckler           ||    27

Table legend: (Time is in decaauts)
 A = Elapsed time spent in this place.
 B = Non-inter-level travel time spent in this place.
 C = Inter-level travel time spent in this place.
 D = Time resting spent in this place.
 E = Time spent auto-exploring this place.
 F = Levels seen in this place.
 G = Mean time per level.
                   A        B        C        D        E       F      G
               +--------+--------+--------+--------+--------+-----+--------+
         Total |   1118 |   1084 |     34 |      0 |    878 |   2 |  559.0 |
       Dungeon |   1118 |   1084 |     34 |      0 |    878 |   2 |  559.0 |
               +--------+--------+--------+--------+--------+-----+--------+

Top non-repeatable levels by time:
     D:1: 944 daAuts
     D:2: 174 daAuts
